 Dungeon Crawl Stone Soup version bcrawl-1.20 (webtiles) character file.

Game seed: 11798686830568824512

511 Mrkan the Cudgeler (level 7, 0/44 HPs)
             Began as a Gargoyle Fighter on Jan 21, 2020.
             Slain by a bullfrog (3 damage)
             ... on level 3 of the Dungeon.
             The game lasted 00:03:25 (2091 turns).

Mrkan the Cudgeler (Gargoyle Fighter)               Turns: 2091, Time: 00:03:26

Health: 0/44       AC: 15    Str: 21    XL:     7   Next: 19%
Magic:  7/7        EV:  5    Int:  8    God:
Gold:   158        SH:  9    Dex: 10    Spells: 6/6 levels left

rFire    . . .     SeeInvis .   a - +0 flail
rCold    . . .     Gourm    .   c - +0 shield
rNeg     + . .     Faith    .   j - +0 chain mail
rPois    ∞         Spirit   .   (no helmet)
rElec    +         Reflect  .   (no cloak)
rCorr    .         Harm     .   (no gloves)
MR       .....                  q - +0 pair of boots
Stlth    ..........             (no amulet)
HPRegen  0.14/turn              (no ring)
MPRegen  0.10/turn              (no ring)

@: no status effects
A: negative energy resistance 1, electricity resistance, unbreathing,
petrification resistance, rot immunity, AC +4
a: no special abilities


You were on level 3 of the Dungeon.
You were not hungry.

You visited 1 branch of the dungeon, and saw 3 of its levels.

You collected 158 gold pieces.

Inventory:

Hand Weapons
 a - a +0 flail (weapon)
Armour
 b - a +0 scale mail
 c - a +0 shield (worn)
 j - a +0 chain mail (worn)
 q - a +0 pair of boots (worn)
Jewellery
 f - an uncursed ring of resist corrosion {unknown}
Scrolls
 d - a scroll of fear {unknown}
 g - 2 scrolls of identify {unknown}
 h - 2 scrolls of fog {unknown}
 i - a scroll of remove curse {unknown}
 m - 2 scrolls of magic mapping {unknown}
 o - a scroll of teleportation {unknown}
 p - 2 scrolls of immolation {unknown}
Potions
 k - a potion of flight {unknown}
 l - 2 potions of degeneration {unknown}
 n - a potion of mutation {unknown}
 r - a potion of agility {unknown}
Comestibles
 e - 9 rations {!d}


   Skills:
 + Level 4.8 Fighting
 * Level 5.0 Maces & Flails
 + Level 4.8 Armour
 + Level 4.8 Shields


You had 6 spell levels left.
You didn't know any spells.
Your spell library was empty.

Dungeon Overview and Level Annotations

Branches:
Dungeon (3/12)

Altars:


Innate Abilities, Weirdness & Mutations

You are resistant to torment.
Your stone body is resilient. (AC +4)
You are immune to poison.
You resist negative energy. (rN+)
You are resistant to electric shocks. (rElec)
You can survive without breathing.
You are immune to petrification.
You are immune to rotting.


Message History

Beogh smites you!
The orc priest invokes the aid of Beogh against you.
Beogh smites you! You block the orc's attack.
Found a metallic amethyst potion.
You block the orc's attack.
The orc priest invokes the aid of Beogh against you.
Beogh smites you!
You closely miss the orc. The orc hits you with a cursed -1 club.
* * * LOW HITPOINT WARNING * * *
You hit the orc.
You kill the orc!
The bullfrog hits you but does no damage.
The orc priest invokes the aid of Beogh against you.
Beogh smites you!
* * * LOW HITPOINT WARNING * * *
You hit the bullfrog.
The bullfrog is lightly wounded.
The bullfrog hits you.
You die...

.. .. .##. .#.####
.!... .... ..# .#
#.# ... #.# ....
#@#
.....########F#
............{K#
####.##.#####.#
#.# ##.## #.#
#.o.## #.#
#.#.#.#####...
#.##.##........{..
#.### #....o......


You could see a bullfrog, an orc priest and a kobold.

Vanquished Creatures
  Grinder (D:3)
  A phantom (D:3)
  A centaur (D:3)
  2 worker ants
  4 gnolls (D:3)
  2 adders
  An ooze (D:1)
  2 dart slugs
  2 leopard geckos (D:1)
  An orc (D:3)
  A ball python (D:3)
  3 bats
  2 giant cockroaches (D:1)
  4 goblins
  5 hobgoblins
  2 jackals (D:3)
  2 quokkas
  5 frilled lizards
  6 kobolds
  5 rats
52 creatures vanquished.

Notes
Turn   | Place    | Note
-------+----------+-------------------------------------------
     0 | D:1      | Mrkan the Gargoyle Fighter began the quest for the Orb.
     0 | D:1      | Reached XP level 1. HP: 14/14 MP: 1/1
   103 | D:1      | Reached XP level 2. HP: 19/19 MP: 2/2
   198 | D:1      | Reached XP level 3. HP: 20/23 MP: 3/3
  1116 | D:2      | Reached skill level 3 in Maces & Flails
  1116 | D:2      | Reached XP level 4. HP: 18/29 MP: 4/4
  1502 | D:3      | Reached XP level 5. HP: 27/33 MP: 5/5
  1556 | D:3      | Noticed a centaur
  1558 | D:3      | Noticed a phantom
  1565 | D:3      | Killed a centaur
  1565 | D:3      | Reached skill level 4 in Maces & Flails
  1600 | D:3      | Killed a phantom
  1600 | D:3      | Reached XP level 6. HP: 19/39 MP: 6/6
  1770 | D:3      | Noticed Grinder
  1801 | D:3      | Paralysed by Grinder for 2 turns
  1807 | D:3      | Paralysed by Grinder for 4 turns
  1816 | D:3      | Paralysed by Grinder for 3 turns
  1828 | D:3      | Killed Grinder
  1828 | D:3      | Reached skill level 5 in Maces & Flails
  1828 | D:3      | Reached XP level 7. HP: 14/44 MP: 7/7
  2091 | D:3      | Slain by a bullfrog

Skill      XL: |  1  2  3  4  5  6 |
---------------+-------------------+-----
Maces & Flails | 3 4 5 |  5.0
Shields        | 4 |  4.8
Fighting       | 4 |  4.8
Armour         | 4 |  4.8

Action                   |  1- 3 |  4- 6 |  7- 9 || total
-------------------------+-------+-------+-------++-------
Melee: Flail             |   129 |   104 |     3 ||   236
  Use: Potion            |       |     1 |       ||     1
  Eat: Chunk             |     1 |     2 |     1 ||     4
Armor: Scale mail        |    67 |     7 |       ||    74
       Chain mail        |       |    59 |     2 ||    61
Dodge: Dodged            |    43 |    15 |       ||    58
Block: Shield            |    84 |    81 |     2 ||   167
